 Zot Defence DCSS version 0.14.1-26-g5a19342 (webtiles) character file.

50 BluebellGnoll the Magician (level 3, -2/13 (19) HPs)
             Began as a Deep Elf Necromancer on July 17, 2014.
             Shot with a stone by a goblin (4 damage)
             ... in the Realm of Zot (Scenario II: Battle Heart).
             The game lasted 00:05:02 (461 turns).

BluebellGnoll the Magician (Deep Elf Necromancer)    Turns: 461, Time: 00:05:02

HP  -2/13 (19)   AC  2     Str  5      XL: 3   Next: 55%
MP  14/14        EV 13     Int 20      God:
Gold 0           SH  0     Dex 15      Spells:  5 memorised,  2 levels left

rFire  . . .     SeeInvis .     j - +0,+1 dagger
rCold  . . .     Clarity  .     a - +0 robe
rNeg   . . .     Conserve .     (no shield)
rPois  .         rCorr    .     (no helmet)
rElec  .         rRot     .     (no cloak)
SustAb . .       Spirit   .     (no gloves)
rMut   .         Warding  .     (no boots)
Saprov . . .     Stasis   .     (no amulet)
MR     .....                    (no ring)
                                (no ring)

@: not resistant to hostile enchantments, fairly stealthy
A: no striking features
a: Make dart trap, Make oklob sapling, Make arrow trap


You were in the Realm of Zot.
You were not hungry.

You visited 1 branch

Inventory:

Hand weapons
 j - a +0,+1 dagger (weapon)
 t - a +1,+2 short sword
Missiles
 l - 32 darts (quivered)
Armour
 a - a +0 robe (worn)
Comestibles
 d - a bread ration
 k - 2 chunks of goblin flesh
 m - 2 chunks of goblin flesh
 n - a rotting chunk of giant newt flesh
 o - a chunk of giant gecko flesh
 p - a chunk of ball python flesh
 q - a rotting chunk of bat flesh
 r - a chunk of rat flesh
 s - a chunk of ball python flesh
Scrolls
 i - a scroll of blinking
Potions
 c - 3 potions of curing
 e - a potion of heal wounds
 f - a potion of haste
 g - 2 potions of magic
 h - a potion of berserk rage
Books
 b - a book of Necromancy

   Spells                             Type                      Level
   *Pain                              Necromancy                   1
   *Animate Skeleton                  Necromancy                   1
   *Lethal Infusion                   Charms/Necromancy            2
   *Vampiric Draining                 Necromancy                   3
   *Regeneration                      Charms/Necromancy            3
   Animate Dead                       Necromancy                   4
   Control Undead                     Necromancy                   4


   Skills:
 - Level 2.4 Dodging
 - Level 2.4 Stealth
 + Level 5.4 Spellcasting
 - Level 4.8 Necromancy


You had 2 spell levels left.
You knew the following spells:

 Your Spells              Type           Power        Failure   Level  Hunger
a - Pain                  Necr           ###.         1%          1    None
b - Animate Skeleton      Necr           N/A          1%          1    None
c - Vampiric Draining     Necr           ###.......   6%          3    ##.....
d - Lethal Infusion       Chrm/Necr      ###.......   10%         2    None
e - Regeneration          Chrm/Necr      ###.......   14%         3    ##.....


Dungeon Overview and Level Annotations

Branches:
    Zot (1/1)

Altars:


Message History

You feel a bit more experienced.
A dart misses Graymyj!
Your kobold skeleton hits Graymyj.
A goblin comes into view. It is wielding a club.
A dart misses Graymyj!
The goblin unwields an uncursed club.
The goblin wields a sling.
The goblin shoots a stone.
The stone hits you!
You see here a stone.
You step safely past the trap.
Your kobold skeleton hits Graymyj but does no damage.
The goblin shoots a stone.
The stone misses you. Graymyj bites your kobold skeleton.
There is a dart trap here.
You see here 3 darts.
You step safely past the trap.
Your kobold skeleton hits Graymyj.
The goblin shoots a stone.
The stone hits you!
* * * LOW HITPOINT WARNING * * *
There is a dart trap here.
You see here a stone.
The goblin shoots a stone.
The stone hits you!
You die...

....▓ ▓∆▓∆▓∆▓▓▓∆▓∆▓∆▓ ▓......
...▓▓ ▓∆∆∆∆∆▓ ▓∆∆∆∆∆▓ ▓▓.....
▓▓▓▓ ▓▓▓▓▓▓▓▓▓▓▓▓▓▓▓ ▓▓▓▓▓▓ ▓▓.▓▓
▓▓...▓▓ ▓▓.....▓▓
▓▓▓▓▓▓▓.......▓▓▓▓▓▓▓ ▓▓
▓▓▓▓▓▓...................▓▓▓▓▓▓▓.
.....^^^..(.g^%)@^^((a.^^^.......
.....▓.................z.▓.......
.....▓▓▓▓▓▓▓.......▓▓▓▓▓▓▓.......
...▓▓▓ ▓▓....P▓▓ ▓▓▓..... ..▓▓
▓▓...▓▓ ▓▓.... .▓▓ ▓▓.▓▓ ▓▓... ▓▓
▓▓▓ ▓▓▓. ▓▓


You could see Graymyj the worker ant, a goblin, a friendly oklob sapling and a
friendly kobold skeleton.

Vanquished Creatures
  2 oozes (Zot)
  A giant cockroach (Zot)
  2 kobolds (Zot)
  6 bats (Zot)
  A giant spore (Zot)
  A goblin (Zot)
13 creatures vanquished.

Vanquished Creatures (others)
  A giant gecko (Zot)
  A bat skeleton (Zot)
  A giant cockroach (Zot)
  2 goblins (Zot)
  2 ball pythons (Zot)
  2 ball python skeletons (Zot)
  A giant gecko skeleton (Zot)
  A giant newt (Zot)
  A giant newt skeleton (Zot)
  2 goblin skeletons (Zot)
  4 kobolds (Zot)
  A kobold skeleton (Zot)
  4 rats (Zot)
  A rat skeleton (Zot)
24 creatures vanquished.

Grand Total: 37 creatures vanquished

Notes
Turn   | Place    | Note
--------------------------------------------------------------
     0 | Zot      | BluebellGnoll, the Deep Elf Necromancer, began the quest for the Orb.
     0 | Zot      | Reached XP level 1. HP: 10/10 MP: 5/5
   254 | Zot      | Reached XP level 2. HP: 15/15 MP: 6/8
   269 | Zot      | Learned a level 1 spell: Animate Skeleton
   318 | Zot      | Your ally Idumenig died
   346 | Zot      | Reached XP level 3. HP: 10/13 MP: 7/13
   376 | Zot      | Reached skill level 5 in Spellcasting
   408 | Zot      | Learned a level 3 spell: Vampiric Draining
   411 | Zot      | Learned a level 2 spell: Lethal Infusion
   415 | Zot      | Learned a level 3 spell: Regeneration
   461 | Zot      | Shot with a stone by a goblin

Action                   || total
-------------------------++-------
Melee: Dagger            ||    21
Throw: Dart              ||     3
 Cast: Pain              ||     9
       Animate Skeleton  ||    10
 Abil: Make dart trap    ||    10
       Make oklob saplin ||     1
